 Dungeon Crawl Stone Soup version 0.18-a0-917-g8a3da5b (webtiles) character file.

251 st0uf the Shield-Bearer (level 6, 0/48 HPs)
             Began as a Formicid Fighter on Dec 26, 2015.
             Slain by an orc warrior
             ... wielding a +0 mace
              (16 damage)
             ... on level 4 of the Dungeon.
             The game lasted 00:12:49 (3682 turns).

st0uf the Shield-Bearer (Formicid Fighter)          Turns: 3682, Time: 00:12:49

Health: 0/48       AC: 10    Str: 22    XL:     6   Next: 36%
Magic:  6/6        EV:  8    Int:  8    God:
Gold:   161        SH: 10    Dex: 10    Spells: 0 memorised, 5 levels left

rFire  . . .     SeeInvis +     a - +0 long sword
rCold  . . .     Gourm    .     b - +0 scale mail
rNeg   . . .     Faith    .     c - +0 shield
rPois  .         Spirit   .     (helmet unavailable)
rElec  .         Dismiss  .     (no cloak)
rCorr  .         Reflect  .     j - +0 pair of gloves
SustAt .         Harm     .     h - +0 pair of boots
MR     .....                    (no amulet)
Stlth  ..........               (no ring)
                                y - +1 ring of protection

@: not resistant to hostile enchantments, extremely unstealthy
A: permanent stasis, dig shafts and tunnels, four strong arms, antennae 3
a: Dig, Shaft Self


You were on level 4 of the Dungeon.
You were not hungry.

You visited 2 branches of the dungeon, and saw 5 of its levels.

You collected 161 gold pieces.

Inventory:

Hand Weapons
 a - a +0 long sword (weapon)
Armour
 b - a +0 scale mail (worn)
 c - a +0 shield (worn)
 h - a +0 pair of boots (worn)
 j - a +0 pair of gloves (worn)
Jewellery
 y - a +1 ring of protection (left hand)
Scrolls
 i - a scroll of enchant armour {unknown}
 l - 3 scrolls of remove curse
 m - a scroll of recharging {unknown}
 n - a scroll of identify {unknown}
 o - 2 scrolls of fog {unknown}
 p - a scroll of enchant weapon {unknown}
 q - a scroll of amnesia {unknown}
 r - 3 scrolls of magic mapping {unknown}
 v - 2 scrolls of teleportation {unknown}
 z - a scroll of blinking {unknown}
Potions
 d - 2 potions of might
 e - 2 potions of resistance {unknown}
 g - a potion of agility {unknown}
 k - 5 potions of curing {unknown}
 s - a potion of poison {unknown}
 t - 2 potions of ambrosia {unknown}
 u - a potion of cure mutation {unknown}
 w - a potion of degeneration {unknown}
 A - 2 potions of lignification {unknown}
 B - a potion of invisibility {unknown}
Comestibles
 f - 3 bread rations
 x - 3 meat rations
 C - a slice of pizza


   Skills:
 + Level 4.1 Fighting
 + Level 3.4 Long Blades
 + Level 4.8 Armour
 + Level 5.4 Shields


You had 5 spell levels left.
You didn't know any spells.

Dungeon Overview and Level Annotations

Branches:
Dungeon (4/15)             Temple (1/1) D:4

Altars:
Ashenzari
Cheibriados
Elyvilon
Gozag
Okawaru
Pakellas
Qazlal
Vehumet
Xom

Annotations:
D:3 igor's ghost, amateur HuFi


Innate Abilities, Weirdness & Mutations

You are under a permanent stasis effect.
You can dig through walls and to a lower floor.
Your four strong arms can wield two-handed weapons with a shield.
You have a pair of large antennae on your head (SInv).


Message History

You hit the orc warrior but do no damage.
You block the orc warrior's attack.
You barely miss the orc warrior. You block the orc warrior's attack.
You closely miss the orc warrior. The orc warrior hits you with a mace!
Your shield and scale mail prevent you from hitting the orc warrior.
The orc warrior hits you with a mace!
An orc comes into view. It is wielding a flail.
You barely miss the orc warrior.
The orc shouts!
The orc warrior hits you with a mace!
You barely miss the orc warrior. The orc warrior barely misses you.
The orc priest miscasts a cantrip.
You hit the orc warrior but do no damage.
The orc warrior barely misses you.
An orc comes into view. It is wielding a hand axe.
The orc shouts!
You hit the orc warrior.
The orc warrior is lightly wounded.
The orc warrior hits you with a mace!
You die...

#######
##########.....###
..................
########....8.8.8. #
#.##..⌠(⌠..
#.###########.##.8.>.8.
#.oooo@....>..##..⌠.⌠..
#o.#############.8.8.8.
#.. #....... #..
####..## ... #.## ###.
#..### .. ....... ##
#.#.#### #.


You could see an orc warrior, an orc priest and 3 orcs.

Vanquished Creatures
  A hound (D:4)
  3 orc wizards
  A worker ant (D:4)
  5 adders
  8 orcs
  2 ball pythons (D:3)
  5 bats
  5 giant cockroaches
  5 goblins
  9 hobgoblins
  3 jackals (D:1)
  3 giant geckos
  A giant newt (D:1)
  6 kobolds
  8 rats
65 creatures vanquished.

Vanquished Creatures (others)
  A fungus (D:4)
1 creature vanquished.

Grand Total: 66 creatures vanquished

Notes
Turn   | Place    | Note
--------------------------------------------------------------
     0 | D:1      | st0uf the Formicid Fighter began the quest for the Orb.
     0 | D:1      | Reached XP level 1. HP: 18/18 MP: 1/1
    80 | D:1      | Reached XP level 2. HP: 24/24 MP: 2/2
   252 | D:1      | Reached skill level 4 in Shields
   654 | D:1      | Reached XP level 3. HP: 24/29 MP: 3/3
   979 | D:2      | Reached XP level 4. HP: 17/37 MP: 4/4
  2081 | D:3      | Reached XP level 5. HP: 14/42 MP: 5/5
  2084 | D:3      | Reached skill level 5 in Shields
  2962 | D:3      | Found an oddly glowing altar of Pakellas.
  3054 | D:3      | Noticed igor's ghost (amateur HuFi)
  3124 | D:4      | Found a staircase to the Ecumenical Temple.
  3148 | D:4      | Reached XP level 6. HP: 41/48 MP: 6/6
  3603 | Temple   | Entered the Ecumenical Temple
  3666 | D:4      | Noticed an orc warrior
  3682 | D:4      | Slain by an orc warrior

Vault maps used:
D:1:      eino_arrival_druids_welcome, minmay_misc_feat_diagonals
D:3:      grunt_pakellas_salt, serial_bayou_lagoon_a, corexii_shack
D:4:      grunt_temple_overflow_holy_war, marbit_many_paths,
          minmay_temple_entry_statues_fountains, first_bread,
          minmay_gold_behind_fungi, uniq_eustachio, uniq_natasha,
          uniq_crazy_yiuf_cottage
Temple:   minmay_temple_bridge_a_8

Action                   |  1- 3 |  4- 6 || total
-------------------------+-------+-------++-------
Melee: Long sword        |   127 |   187 ||   314
 Abil: Dig               |     1 |       ||     1
  Use: Scroll            |     1 |       ||     1
  Eat: Chunk             |     1 |     8 ||     9
